 Dungeon Sprint DCSS version 0.28.0-53-g5a82cb258f (webtiles) character file.

Game seed: 9354626150168032069

199 Zeld the Fighter (level 5, -1/84 HPs)
             Began as a Minotaur Berserker on June 4, 2022.
             Was a Priest of Trog.
             Slain by a fire elemental (13 damage)
             ... summoned by a deep elf pyromancer
             ... in the Dungeon (Sprint III: "The Ten Rune Challenge").
             The game lasted 00:00:32 (576 turns).

Zeld the Fighter (Minotaur Berserker)                Turns: 576, Time: 00:00:33

Health: -1/84      AC:  2    Str: 23    XL:     5   Next: 48%
Magic:  4/4        EV: 13    Int:  4    God:    Trog [***...]
Gold:   16         SH:  0    Dex: 10    Spells: 4/4 levels left

rFire   . . .      SeeInvis .   a - +0 hand axe
rCold   . . .      Faith    .   (no shield)
rNeg    . . .      Spirit   .   b - +0 animal skin
rPois   .          Reflect  .   (helmet restricted)
rElec   .          Harm     .   (no cloak)
rCorr   .          Rampage  .   (no gloves)
Will    .....      NoTele   +   (no boots)
Stlth   ..........              (no amulet)
HPRegen 0.24/turn               (no ring)
MPRegen 0.09/turn               (no ring)

@: berserking, very quick
A: horns 2, retaliatory headbutt
a: Renounce Religion, Berserk, Trog's Hand


You were in the Dungeon.
You worshipped Trog.
Trog was most pleased with you.
You visited 1 branch You collected 16 gold pieces.

Inventory:

Hand Weapons
 a - a +0 hand axe (weapon)
Armour
 b - a +0 animal skin (worn)
Scrolls
 h - a scroll of blinking
 i - 2 scrolls of torment {unknown}
 j - 3 scrolls of identify
Potions
 c - a potion of curing
 d - a potion of heal wounds
 e - a potion of haste
 f - 2 potions of magic
 g - a potion of berserk rage
 k - 2 potions of flight
 l - 6 potions of mutation


   Skills:
 * Level 8.7 Fighting
 * Level 8.7 Axes
 + Level 6.0 Armour
 + Level 5.4 Dodging


You had 4 spell levels left.
You didn't know any spells.
Your spell library was empty.

Dungeon Overview and Level Annotations

Branches:
Dungeon (1/1)

Altars:
Elyvilon
Kikubaaqudgha
Sif Muna
Vehumet
Zin
The Shining One


Innate Abilities, Weirdness & Mutations

You have a pair of horns on your head.
You reflexively headbutt those who attack you in melee.


Message History

There is an open door here.
Items here: ) : [ †.
There is an open door here.
You open the door.
Found three altars.
You're still recovering from your berserk rage.
A deep elf pyromancer comes into view.
It is wielding a +1 long sword of holy wrath.
Found a potion of heal wounds.
The deep elf pyromancer gestures wildly while chanting.
There is an open door here.
You closely miss the fire elemental. The fire elemental barely misses you.
You barely miss the fire elemental.
Your headbutt misses the fire elemental.
You hit the fire elemental but do no damage.
The deep elf pyromancer mumbles some strange words.
The deep elf pyromancer blinks!
The fire elemental closely misses you. The fire elemental barely misses you.
You miss the fire elemental. You barely miss the fire elemental.
You recover from your berserk rage.
The fire elemental hits you. The fire elemental burns you!
The fire elemental hits you. The fire elemental burns you!
You closely miss the fire elemental.
You headbutt the fire elemental, but do no damage.
You hit the fire elemental. The fire elemental barely misses you.
The fire elemental hits you. The fire elemental burns you!
You are too injured to fight recklessly!
You are too injured to fight recklessly!
Unknown command.
You miss the deep elf pyromancer. You completely miss the fire elemental.
You closely miss the fire elemental. The fire elemental closely misses you.
The fire elemental barely misses you. You furiously retaliate!
You headbutt the fire elemental!
The deep elf pyromancer hits you with a +1 long sword of holy wrath!
* * * LOW HITPOINT WARNING * * *
Unknown command.
A red film seems to cover your vision as you go berserk!
You feel yourself moving faster!
You feel mighty! The fire elemental hits you.
* * * LOW HITPOINT WARNING * * *
The fire elemental burns you!
You die...

▓▓▓▓▓▓▓ ▓▓▓ .'....♣♣♣
♣.##### .#....♣.♣
♣.#___# ##.....♣♣
♣.#!EE#
.#....≈.♣♣♣♣.###@#+###+#
.#...≈≈..♣...#...e......
(#..≈≈≈≈..♣♣.'.⌠........
'#.†≈≈≈≈≈≈.♣.#...######+
)#.≈†≈≈≈≈....#.).#
.#.≈≈≈≈≈.....#...#
.#.≈≈≈.......#'###
##...........#.):#
.............#___#


You could see a deep elf pyromancer and 2 fire elementals.

Vanquished Creatures
  A water elemental (D)
  A scorpion (D)
  Jessica (D)
  A wizard (D)
  A human (D)
  A kobold demonologist (D)
  An endoplasm (D)
  2 rats (D)
9 creatures vanquished.

Notes
Turn   | Place    | Note
-------+----------+-------------------------------------------
     0 | D        | Zeld the Minotaur Berserker began the quest for the Orb.
     0 | D        | Reached XP level 1. HP: 19/19 MP: 0/0
    76 | D        | Noticed Jessica
    79 | D        | Reached ** piety under Trog
    82 | D        | Killed Jessica
    83 | D        | Reached skill level 5 in Fighting
    83 | D        | Reached skill level 5 in Axes
    83 | D        | Reached XP level 2. HP: 19/29 MP: 1/1
    83 | D        | Reached XP level 3. HP: 24/36 MP: 2/2
   304 | D        | Noticed a scorpion
   308 | D        | Killed a scorpion
   309 | D        | Reached XP level 4. HP: 45/45 MP: 3/3
   390 | D        | Noticed a water elemental
   397 | D        | Killed a water elemental
   397 | D        | Reached *** piety under Trog
   398 | D        | Reached skill level 5 in Armour
   398 | D        | Reached skill level 5 in Dodging
   398 | D        | Reached XP level 5. HP: 53/53 MP: 4/4
   518 | D        | Found a radiant altar of Vehumet.
   518 | D        | Found a shimmering blue altar of Sif Muna.
   518 | D        | Found an ancient bone altar of Kikubaaqudgha.
   569 | D        | Found a glowing silver altar of Zin.
   569 | D        | Found a glowing golden altar of the Shining One.
   569 | D        | Found a white marble altar of Elyvilon.
   570 | D        | Noticed a deep elf pyromancer
   571 | D        | Noticed a fire elemental
   571 | D        | Noticed a fire elemental
   576 | D        | Slain by a fire elemental

Illustrated notes

Levels and vault maps discovered:
D:        dungeon_sprint_mu [sprint_mu_entry_forest, sprint_mu_temple_rooms,
          sprint_mu_d1_spiders, sprint_mu_d2_genie, sprint_mu_d3_branching,
          sprint_mu_orc_legion, sprint_mu_elf_gauntlet, sprint_mu_hive_nellie,
          sprint_mu_lair_fedhas, sprint_mu_vaults_butterflies,
          sprint_mu_slime_circle, sprint_mu_swamp_cave, sprint_mu_snake_twists,
          sprint_mu_blade_basic, sprint_mu_crypt_chambers,
          sprint_mu_tomb_spiral, sprint_mu_vestibule_basic,
          sprint_mu_gehenna_hellfire, sprint_mu_dis_giant,
          sprint_mu_tartarus_statrot, sprint_mu_cocytus_islands, sprint_mu_zot1]

Skill      XL: |  1  2  3  4  5 |
---------------+----------------+-----
Fighting       | 5 6 8 |  8.7
Axes           | 5 6 8 |  8.7
Armour         | 3 4 5 6 |  6.0
Dodging        | 3 4 5 |  5.4

Action                   |  1- 3 |  4- 6 || total
-------------------------+-------+-------++-------
Melee: Hand axe          |     8 |    18 ||    26
       Headbutt          |     1 |     2 ||     3
Invok: Berserk           |     2 |     3 ||     5
Armor: Animal skin       |       |     3 ||     3
Dodge: Dodged            |     5 |    11 ||    16
